 Dungeon Crawl Stone Soup version 0.31-a0-977-gc230f8ef24 (webtiles) character file.

Game seed: 10921231078266904848

350 Shayle the Ducker (level 6, -3/38 HPs)
             Began as a Tengu Hexslinger on Oct 29, 2023.
             Killed by divine providence
             ... invoked by an orc priest
              (15 damage)
             ... on level 4 of the Dungeon.
             The game lasted 00:05:48 (3506 turns).

Shayle the Ducker (Tengu Hexslinger)                Turns: 3506, Time: 00:05:49

Health: -3/38      AC: 13    Str:  8    XL:     6   Next: 61%
Magic:  8/8        EV: 11    Int: 16    God:
Gold:   197        SH:  5    Dex: 16    Spells: 5/7 levels left

rFire   . . .        a - +2 sling
rCold   . . .        (no shield)
rNeg    . . .        g - quicksilver dragon scales
rPois   .            (helmet restricted)
rElec   .            j - +2 cloak
rCorr   .            o - +0 pair of gloves
SInv    .            (boots unavailable)
Will    +....        k - amulet of reflection
Stlth   +            (no ring)
HPRegen 0.26/turn    (no ring)
MPRegen 0.11/turn

%: reflection, acrobat
@: no status effects
A: beak, talons 3, acrobatic
a: no special abilities


You were on level 4 of the Dungeon.
You visited 1 branch of the dungeon, and saw 4 of its levels.

You collected 197 gold pieces.

Inventory:

Hand Weapons
 a - a +2 sling (weapon)
Armour
 c - a +0 robe
 g - quicksilver dragon scales (worn)
 j - a +2 cloak (worn)
 o - a +0 pair of gloves (worn)
Jewellery
 h - a ring of see invisible
 k - an amulet of reflection (around neck)
 l - a ring of protection from fire
Wands
 n - a wand of mindburst (11)
Scrolls
 b - a scroll of poison
 t - 2 scrolls of enchant weapon
Potions
 d - a potion of haste
 e - a potion of might
 f - a potion of enlightenment {unknown}
 i - a potion of heal wounds {unknown}
 p - a potion of ambrosia {unknown}
 r - a potion of curing {unknown}
 s - a potion of magic {unknown}


   Skills:
 + Level 3.8 Fighting
 - Level 2.1 Ranged Weapons
 + Level 2.0 Armour
 - Level 3.9 Dodging
 + Level 3.8 Unarmed Combat
 - Level 1.0 Spellcasting
 - Level 2.1 Hexes
 - Level 1.1 Fire Magic


You had 5 spell levels left.
You knew the following spells:

 Your Spells              Type           Power      Damage    Failure   Level
a - Jinxbite              Hex            14%        N/A       38%         2

Your spell library contained the following spells:

 Spells                   Type           Power      Damage    Failure   Level
 Ensorcelled Hibernation  Hex/Ice        8%         N/A       54%         2
 Apportation              Tloc           0%         N/A       56%         1
 Magic Dart               Conj           0%         1d3       56%         1
 Necrotise                Necr           0%         1d4       56%         1
 Summon Small Mammal      Summ           0%         N/A       56%         1
 Sigil of Binding         Hex            7%         N/A       63%         3
 Call Imp                 Summ           0%         N/A       71%         2
 Passwall                 Tmut/Erth      0%         N/A       71%         2
 Inner Flame              Hex/Fire       6%         N/A       71%         3
 Mephitic Cloud           Conj/Pois/Air  0%         N/A       90%         3
 Swiftness                Air            0%         N/A       90%         3
 Cause Fear               Hex            3%         N/A       95%         4
 Dimensional Bullseye     Hex/Tloc       2%         N/A       99%         4
 Alistair's Intoxication  Tmut/Pois      0%         N/A       100%        5


Dungeon Overview and Level Annotations

Branches:
Dungeon (4/15)
 Temple: D:4-7

Altars:
Fedhas
Qazlal

Annotations:
D:3 1 runed translucent door, Crazy Yiuf


Innate Abilities, Weirdness & Mutations

You have a beak for a mouth.
You have claws for feet.
You can magically evade attacks while moving or waiting.


Message History

The orc priest hits you but does no damage.
The orc wizard hits you but does no damage.
The orc priest closely misses you. You block the orc wizard's attack.
You shoot a sling bullet. The sling bullet hits the orc priest.
The orc priest is severely wounded.
The orc priest hits you but does no damage. x2
You block the orc wizard's attack.
The orc priest hits you but does no damage.
You shoot a sling bullet.
The sling bullet barely misses the orc priest.
The orc wizard casts a spell at you. The magic dart hits you.
The orc priest closely misses you.
The orc priest hits you but does no damage.
The orc wizard hits you with a +0 dagger.
You shoot a sling bullet.
The sling bullet closely misses the orc priest.
The orc priest hits you but does no damage.
The orc wizard hits you with a +0 dagger.
You block the orc priest's attack.
You shoot a sling bullet.
The sling bullet hits the orc priest but does no damage.
The orc priest is severely wounded.
The orc priest hits you but does no damage.
The orc wizard closely misses you. The orc priest closely misses you.
You shoot a sling bullet.
The sling bullet hits the orc priest but does no damage.
The orc priest is severely wounded.
The orc wizard closely misses you.
The orc priest hits you with a +2 short sword of speed.
You block the orc priest's attack.
The orc wizard points at you and mumbles some strange words.
The magic dart hits you but does no damage.
You shoot a sling bullet.
The sling bullet barely misses the orc priest.
The orc priest mumbles some strange prayers to Beogh against you.
Beogh smites you!
The orc wizard hits you with a +0 dagger.
The orc priest calls down the wrath of Beogh upon you.
Beogh smites you!
You die...

#.######..##.)##...###.#...###
#.######..##..##...........###
#.#...........................
####.#.####..##..##...#.#.#.oo###
....<..####..##..##...#.#.....###
#.........................#......
#.....................#.#.#......
#.##.#.##.#..######..............
#.##...##.#....o@o............###
#.##.####.##o#######.##.###...###
#.##.# #.#######.##.# #......
#.#### ..........##.###..#### #.#
##.....................
#########.##.#########
...........######
####............. #.############


You could see an orc priest and 2 orc wizards.

Vanquished Creatures
  A phantom (D:4)
  A hound (D:3)
  An iguana (D:4)
  An orc wizard (D:4)
  3 gnolls
  10 adders
  3 worms (D:2)
  2 dart slugs
  2 orcs
  6 ball pythons
  3 bats
  2 endoplasms
  5 giant cockroaches
  5 goblins
  3 hobgoblins
  7 quokkas
  4 frilled lizards
  6 kobolds
  7 rats
72 creatures vanquished.

Notes
Turn   | Place    | Note
-------+----------+-------------------------------------------
     0 | D:1      | Shayle the Tengu Hexslinger began the quest for the Orb.
     0 | D:1      | Reached XP level 1. HP: 12/12 MP: 3/3
   153 | D:1      | Reached XP level 2. HP: 16/16 MP: 4/4
   156 | D:1      | Learned a level 2 spell: Jinxbite
   287 | D:1      | Reached skill level 1 in Unarmed Combat
   630 | D:1      | Reached XP level 3. HP: 21/21 MP: 5/5
  1205 | D:2      | Reached XP level 4. HP: 24/26 MP: 3/6
  1527 | D:3      | Reached XP level 5. HP: 27/32 MP: 7/7
  1864 | D:3      | Found a runed translucent door.
  1865 | D:3      | Noticed Crazy Yiuf
  2843 | D:4      | Found a stormy altar of Qazlal.
  3104 | D:4      | Noticed a phantom
  3122 | D:4      | Killed a phantom
  3123 | D:4      | Reached skill level 1 in Armour
  3123 | D:4      | Reached XP level 6. HP: 27/37 MP: 8/8
  3272 | D:4      | Found a blossoming altar of Fedhas.
  3506 | D:4      | Killed from afar by an orc priest

Illustrated notes

Levels and vault maps discovered:
D:1:      ncdulo_smallfort, layout_loops_cross
D:2:      layout_rooms, kennysheep_cross_room
D:3:      layout_basic, nicolae_half_adder, uniq_crazy_yiuf_cottage
D:4:      layout_basic, kennysheep_mini, nicolae_qazlal_general_emergency

Skill      XL: |  1  2  3  4  5  6 |
---------------+-------------------+-----
Unarmed Combat | 1 2 3 |  3.8
Fighting       | 2 3 |  3.8
Dodging        | 3 |  3.9
Armour         | 1 2 |  2.0
Ranged Weapons | |  2.1
Spellcasting   | |  1.0
Hexes          | |  2.1
Fire Magic     | |  1.1

Action                     |  1- 3 |  4- 6 || total
---------------------------+-------+-------++-------
   Fire: Sling             |   120 |   192 ||   312
   Cast: Jinxbite          |     4 |     4 ||     8
    Use: Scroll            |       |    10 ||    10
 Armour: Robe              |    28 |    23 ||    51
         Quicksilver drago |       |    64 ||    64
  Dodge: Dodged            |    58 |    88 ||   146
  Block: Other             |     1 |    31 ||    32

Table legend: (Time is in decaauts)
 A = Elapsed time spent in this place.
 B = Non-inter-level travel time spent in this place.
 C = Inter-level travel time spent in this place.
 D = Time resting spent in this place.
 E = Time spent auto-exploring this place.
 F = Levels seen in this place.
 G = Mean time per level.
                   A        B        C        D        E       F      G
               +--------+--------+--------+--------+--------+-----+--------+
         Total |   3622 |   3499 |    123 |    263 |   2403 |   4 |  905.5 |
       Dungeon |   3622 |   3499 |    123 |    263 |   2403 |   4 |  905.5 |
               +--------+--------+--------+--------+--------+-----+--------+

Top non-repeatable levels by time:
     D:3: 1322 daAuts
     D:4: 847 daAuts
     D:1: 792 daAuts
     D:2: 660 daAuts
